 Dungeon Crawl Stone Soup version 0.26-a0-21-gf97e55dc39 (webtiles) character file.

Game seed: 4906531973597776177, levelgen mode: deterministic

600 Masnef the Firebug (level 7, -5/65 HPs)
             Began as an Ogre Fire Elementalist on May 26, 2020.
             Was a Follower of Vehumet.
             Slain by Edmund
             ... wielding a +5 flail of holy wrath
              (14 damage)
             ... on level 4 of the Dungeon.
             The game lasted 00:12:49 (6756 turns).

Masnef the Firebug (Ogre Fire Elementalist)         Turns: 6756, Time: 00:12:50

Health: -5/65      AC:  4    Str: 13    XL:     7   Next: 41%
Magic:  6/10       EV: 11    Int: 18    God:    Vehumet [*.....]
Gold:   166        SH:  0    Dex: 15    Spells: 2/11 levels left

rFire    . . .     SeeInvis .   n - +1 spear (vorpal)
rCold    . . .     Gourm    .   (no shield)
rNeg     . . .     Faith    .   a - +0 robe
rPois    .         Spirit   .   (helmet restricted)
rElec    .         Reflect  .   o - +0 cloak
rCorr    .         Harm     .   (gloves unavailable)
MR       .....                  (boots unavailable)
Stlth    ++........             (no amulet)
HPRegen  0.20/turn              p - +6 ring of dexterity
MPRegen  0.12/turn              (no ring)

@: no status effects
A: large, unfitting armour, tough skin 1
a: Renounce Religion


You were on level 4 of the Dungeon.
You worshipped Vehumet.
Vehumet was aware of your devotion.
You were hungry.

You visited 1 branch of the dungeon, and saw 4 of its levels.

You collected 166 gold pieces.

Inventory:

Hand Weapons
 b - a +0 hand axe
 f - a cursed -2 club
 k - a +0 club
 n - a +1 vorpal spear (weapon)
Missiles
 q - 24 arrows
Armour
 a - a +0 robe (worn)
 o - a +0 cloak (worn)
Jewellery
 m - an uncursed amulet of guardian spirit
 p - a +6 ring of dexterity (left hand)
 s - an uncursed ring of see invisible
Scrolls
 d - 4 scrolls of magic mapping {unknown}
 e - 4 scrolls of teleportation {unknown}
 g - a scroll of enchant armour {unknown}
 h - 4 scrolls of identify {unknown}
 i - 3 scrolls of amnesia {unknown}
 l - a scroll of noise {unknown}
Potions
 j - 2 potions of curing
Comestibles
 c - 4 rations


   Skills:
 + Level 2.1 Fighting
 - Level 1.6 Maces & Flails
 + Level 2.9 Polearms
 + Level 2.7 Dodging
 - Level 1.4 Stealth
 - Level 2.5 Spellcasting
 * Level 1.8 Conjurations
 * Level 0.2 Transmutations
 * Level 5.7 Fire Magic


You had 2 spell levels left.
You knew the following spells:

 Your Spells              Type           Power        Failure   Level  Hunger
a - Foxfire               Conj/Fire      ###.         3%          1    #......
b - Conjure Flame         Conj/Fire      ###.....     11%         3    ###....
c - Sticks to Snakes      Tmut           #.......     24%         2    ##.....
d - Inner Flame           Hex/Fire       ##......     16%         3    ###....

Your spell library contained the following spells:

 Spells                   Type           Power        Failure   Level  Hunger
 Shock                    Conj/Air       #...         12%         1    #......
 Beastly Appendage        Tmut           #.....       16%         1    #......
 Sticky Flame             Conj/Fire      ###.....     36%         4    #####..
 Spider Form              Tmut/Pois      #.........   45%         3    ###....
 Fireball                 Conj/Fire      ###.......   71%         5    ######.
 Ice Form                 Ice/Tmut       #.......     86%         4    #####..
 Blade Hands              Tmut           #.........   99%         5    ######.


Dungeon Overview and Level Annotations

Branches:
Dungeon (4/15)             Temple (0/1) D:4

Altars:
Elyvilon
Qazlal
Ru
Trog
Vehumet
Yredelemnul
The Shining One

Annotations:
D:4 Edmund


Innate Abilities, Weirdness & Mutations

You are too large for most types of armour.
You have tough skin. (AC +1)


Message History

The foxfire hits Edmund but does no damage.
Edmund is severely wounded.
The foxfire hits Edmund but does no damage.
Edmund is severely wounded.
Edmund hits you with a +5 flail of holy wrath.
* * * LOW HITPOINT WARNING * * *
Casting: Foxfire (safe; 3% risk of failure)
Confirm with . or Enter, or press ? or * to list all spells.
You conjure some foxfire!
The foxfire hits Edmund.
Edmund is severely wounded.
The foxfire hits Edmund but does no damage.
Edmund is severely wounded.
Edmund hits you with a +5 flail of holy wrath.
* * * LOW HITPOINT WARNING * * *
It was a potion of cancellation.
You feel magically purged.
Your magical contamination has completely faded away.
There is an open door here.
Edmund hits you with a +5 flail of holy wrath!
You die...

..##.......# #.....####....#
.##........#######.....#.......##
##.........'...........'.........
.###.......#...........#....#####
...#.......#...........####.####
.###.......############# #....#
.....####### #..).#
.##.......#################....##
>.+.......'....@@..............'.
###.......#########....####....##
######### #....# #....## #....#
#.##### ######....# #.# #
#########....#########.#####
+.......'....'..............
##....###....##.......#####.
#....# #....##.......# #.


You could see Edmund.

Vanquished Creatures
  An ogre (D:4)
  A crimson imp (D:4)
  8 orc wizards (D:4)
  3 worker ants
  3 gnolls (D:2)
  5 adders
  2 oozes
  5 worms
  A dart slug (D:1)
  2 leopard geckos (D:2)
  5 orcs (D:4)
  3 ball pythons
  6 giant cockroaches
  7 goblins
  8 hobgoblins
  5 jackals
  A quokka (D:3)
  8 bats
  5 frilled lizards
  A goblin skeleton (D:4)
  2 goblin zombies (D:4)
  2 hobgoblin zombies (D:4)
  9 kobolds
  A kobold zombie (D:4)
  3 orc zombies (D:4)
  5 rats
102 creatures vanquished.

Vanquished Creatures (others)
  A quokka (D:3)
  155 foxfires
156 creatures vanquished.

Grand Total: 258 creatures vanquished

Notes
Turn   | Place    | Note
-------+----------+-------------------------------------------
     0 | D:1      | Masnef the Ogre Fire Elementalist began the quest for the
                  | Orb.
     0 | D:1      | Reached XP level 1. HP: 16/16 MP: 3/3
    50 | D:1      | Reached skill level 3 in Fire Magic
   127 | D:1      | Reached XP level 2. HP: 12/24 MP: 2/5
   876 | D:1      | Reached XP level 3. HP: 29/31 MP: 6/6
   970 | D:1      | Learned a level 3 spell: Conjure Flame
  1639 | D:2      | Found a bloodstained altar of Trog.
  2006 | D:2      | Reached skill level 4 in Fire Magic
  2178 | D:2      | Reached skill level 1 in Maces & Flails
  2178 | D:2      | Reached XP level 4. HP: 39/39 MP: 3/7
  2536 | D:2      | Found a sacrificial altar of Ru.
  3349 | D:2      | Learned a level 2 spell: Sticks to Snakes
  3455 | D:3      | Reached XP level 5. HP: 36/45 MP: 6/8
  3748 | D:3      | Found a radiant altar of Vehumet.
  3764 | D:3      | Found a white marble altar of Elyvilon.
  3786 | D:3      | Became a worshipper of Vehumet
  4601 | D:4      | Noticed Edmund
  5132 | D:3      | Reached skill level 1 in Polearms
  5286 | D:4      | Reached skill level 1 in Fighting
  5338 | D:4      | Found a stormy altar of Qazlal.
  5353 | D:4      | Learned a level 3 spell: Inner Flame
  5407 | D:4      | Reached skill level 5 in Fire Magic
  5407 | D:4      | Reached XP level 6. HP: 41/55 MP: 9/9
  5424 | D:4      | HP: 1/55 [orc wizard/+0 dagger (4)]
  5774 | D:4      | Found a staircase to the Ecumenical Temple.
  5851 | D:4      | Reached skill level 1 in Conjurations
  6172 | D:4      | Reached XP level 7. HP: 63/63 MP: 4/10
  6384 | D:4      | Found a glowing golden altar of the Shining One.
  6428 | D:4      | Reached * piety under Vehumet
  6428 | D:4      | Offered knowledge of Shock by Vehumet.
  6574 | D:4      | Found a basalt altar of Yredelemnul.
  6756 | D:4      | Slain by Edmund

Illustrated notes

Levels and vault maps discovered:
D:1:      dpeg_arrival_stonehenge_8_columns, layout_loops_ring, fountainhead
D:2:      layout_loops_ring, lemuel_crystal_altar, lemuel_round_altar,
          first_ration
D:3:      layout_basic, vehumet_crystals, elyvilon_altar_4
D:4:      layout_basic, nicolae_tso_besieged_by_evil, lemuel_doored_altar,
          lemuel_round_altar, minmay_temple_entry_junction_2, uniq_grinder,
          uniq_edmund

Skill      XL: |  1  2  3  4  5  6  7 |
---------------+----------------------+-----
Fire Magic     | 3 4 5 |  5.7
Maces & Flails | 1 |  1.6
Dodging        | 2 |  2.7
Polearms       | 1 2 |  2.9
Fighting       | 1 2 |  2.1
Conjurations   | 1 |  1.8
Stealth        | |  1.4
Spellcasting   | |  2.5
Transmutations | |  0.2

Action                   |  1- 3 |  4- 6 |  7- 9 || total
-------------------------+-------+-------+-------++-------
Melee: Hand axe          |    75 |       |       ||    75
       Unarmed           |     5 |       |       ||     5
       Club              |     8 |    50 |       ||    58
       Spear             |       |   145 |    56 ||   201
 Cast: Foxfire           |    32 |    55 |    21 ||   108
       Conjure Flame     |     2 |     7 |       ||     9
  Use: Potion            |       |     1 |     1 ||     2
 Stab: Sleeping          |       |     5 |       ||     5
       Distracted        |       |       |     1 ||     1
  Eat: Chunk             |     3 |    11 |     2 ||    16
       Ration            |       |     1 |       ||     1
Armor: Robe              |    45 |    38 |    12 ||    95
Dodge: Dodged            |    75 |   107 |    29 ||   211

Table legend:
 A = Non-vault XP
 B = Vault XP
 C = Vault XP percentage of total XP
 D = Non-vault monster count
 E = Vault monster count
 F = Vault count percentage of total count
                 A         B        C        D         E       F
            +---------+---------+-------+---------+---------+-------
      Total |     799 |      59 |   6.9 |      92 |      10 |   9.8
            +---------+---------+-------+---------+---------+-------
        D:1 |      44 |       0 |   0.0 |      28 |       0 |   0.0
        D:2 |     116 |       0 |   0.0 |      23 |       0 |   0.0
        D:3 |     109 |       0 |   0.0 |      22 |       0 |   0.0
        D:4 |     530 |      59 |  10.0 |      19 |      10 |  34.5
            +---------+---------+-------+---------+---------+-------
